[ AOE2 MATCH · #466702825 ]
UnrankedChinese vs Slavs
[ REPLAY ANALYSIS · EXTRACTED FROM THE RECORDED GAME ]
Feudal
11:01
Castle
—
Imperial
—
| APM avg | 31.4 |
| APM peak | 77 |
| eAPM avg | 16.1 |
| Villagers / military | 38 / 6 |
Focus
⚔️ 22.7% · 🌾 77.3%
Spearman ×6
Feudal
10:06
Castle
—
Imperial
—
| APM avg | 35.4 |
| APM peak | 86 |
| eAPM avg | 13.3 |
| Villagers / military | 59 / 11 |
Focus
⚔️ 26.4% · 🌾 73.6%
Scout Cavalry ×11
Feudal
9:34
Castle
20:48
Imperial
—
| APM avg | 34.4 |
| APM peak | 81 |
| eAPM avg | 15.0 |
| Villagers / military | 50 / 5 |
Focus
⚔️ 17.3% · 🌾 82.7%
Scout Cavalry ×4 · Spearman ×1
Feudal
8:52
Castle
—
Imperial
—
| APM avg | 31.9 |
| APM peak | 74 |
| eAPM avg | 16.6 |
| Villagers / military | 37 / 20 |
Focus
⚔️ 29.2% · 🌾 70.8%
Spearman ×12 · Skirmisher ×7 · Archer ×1
Feudal
10:45
Castle
—
Imperial
—
| APM avg | 47.1 |
| APM peak | 74 |
| eAPM avg | 13.2 |
| Villagers / military | 46 / 17 |
Focus
⚔️ 16.2% · 🌾 83.8%
Skirmisher ×11 · Spearman ×3 · Scout Cavalry ×3
Feudal
—
Castle
—
Imperial
—
| APM avg | 28.3 |
| APM peak | 76 |
| eAPM avg | 10.3 |
| Villagers / military | 39 / 5 |
Focus
⚔️ 20.3% · 🌾 79.7%
Scout Cavalry ×4 · Spearman ×1
Feudal
10:13
Castle
—
Imperial
—
| APM avg | 47.3 |
| APM peak | 83 |
| eAPM avg | 24.2 |
| Villagers / military | 69 / 10 |
Focus
⚔️ 25.4% · 🌾 74.6%
Spearman ×8 · Scout Cavalry ×2
Feudal
9:16
Castle
—
Imperial
—
| APM avg | 40.5 |
| APM peak | 61 |
| eAPM avg | 18.7 |
| Villagers / military | 44 / 15 |
Focus
⚔️ 46.0% · 🌾 54.0%
Skirmisher ×10 · Spearman ×5
Match map
Initial resources + every placement click. Lines = walls · curves = elevation contours. ◆ gold · ⬟ stone · ● berries · ✦ relic · ◌ wall gap
Your base· Open — unwalled flank
mike's base· Open — unwalled flank
江哥's base· Open — unwalled flank
NoobMaster69's base· Open — unwalled flank
陈老师's base· Open — unwalled flank
Z1kTak's base· Open — unwalled flank
100分棒棒's base· Open — unwalled flank
你朋友's base· Open — unwalled flank
Smoothed initial terrain · ◌ = detected wall gap · hover for details
Inputs per minute
— Trashclaus - - mike
Build order — Trashclaus
86 actions detected in the replay
| 0:03 | Research | Loom |
| 0:04 | Build | House |
| 0:06 | Build | House |
| 0:57 | Queue | Villager (Male) |
| 1:25 | Queue | Villager (Male) |
| 1:46 | Build | Mill |
| 1:52 | Queue | Villager (Male) |
| 2:16 | Queue | Villager (Male) |
| 2:41 | Queue | Villager (Male) |
| 2:58 | Queue | Villager (Male) |
| 3:34 | Queue | Villager (Male) |
| 3:59 | Queue | Villager (Male) |
| 4:02 | Queue | Villager (Male) |
| 4:46 | Queue | Villager (Male) |
| 4:53 | Queue | Villager (Male) |
| 5:13 | Build | Lumber Camp |
| 5:16 | Queue | Villager (Male) |
| 6:02 | Queue | Villager (Male) |
| 6:31 | Queue | Villager (Male) |
| 6:52 | Queue | Villager (Male) |
| 6:57 | Build | Mill |
| 7:16 | Build | House |
| 7:23 | Queue | Villager (Male) |
| 7:49 | Queue | Villager (Male) |
| 7:54 | Build | Palisade Wall |
| 8:01 | Build | Palisade Wall |
| 8:15 | Queue | Villager (Male) |
| 8:51 | Research | Feudal Age |
| 9:09 | Build | Barracks |
| 9:37 | Build | Palisade Wall |
| 9:38 | Build | Palisade Wall |
| 9:43 | Build | Palisade Wall |
| 9:50 | Build | Palisade Wall |
| 11:01 | Age | Feudal Age |
| 11:03 | Queue | Spearman |
| 11:03 | Queue | Spearman |
| 11:04 | Queue | Villager (Male) |
| 11:15 | Research | Double-Bit Axe |
| 11:27 | Queue | Villager (Male) |
| 11:36 | Build | House |
| 11:39 | Queue | Spearman |
| 12:08 | Queue | Villager (Male) |
| 12:33 | Queue | Villager (Male) |
| 12:42 | Queue | Villager (Male) |
| 12:43 | Queue | Spearman |
| 13:01 | Queue | Villager (Male) |
| 13:08 | Queue | Villager (Male) |
| 13:09 | Queue | Spearman |
| 13:17 | Build | Blacksmith |
| 13:32 | Queue | Villager (Male) |
| 13:47 | Build | Archery Range |
| 13:57 | Build | House |
| 14:21 | Build | House |
| 14:32 | Build | Mining Camp |
| 14:39 | Queue | Villager (Male) |
| 15:06 | Queue | Villager (Male) |
| 15:16 | Build | Market |
| 16:02 | Queue | Villager (Male) |
| 16:18 | Queue | Villager (Male) |
| 16:38 | Queue | Spearman |
| 16:40 | Queue | Villager (Male) |
| 16:52 | Queue | Villager (Male) |
| 17:01 | Queue | Villager (Male) |
| 17:21 | Build | Watch Tower |
| 17:25 | Build | House |
| 17:27 | Build | House |
| 17:30 | Build | Palisade Wall |
| 17:31 | Build | Palisade Wall |
| 17:33 | Build | Palisade Wall |
| 17:35 | Build | Palisade Wall |
| 17:36 | Queue | Villager (Male) |
| 17:44 | Build | Farm |
| 17:44 | Build | Farm |
| 17:44 | Build | Farm |
| 17:44 | Build | Farm |
| 17:45 | Build | Farm |
| 17:50 | Queue | Villager (Male) |
| 18:22 | Build | Farm |
| 18:22 | Build | Farm |
| 18:23 | Build | Farm |
| 18:40 | Queue | Villager (Male) |
| 18:50 | Build | House |
| 18:52 | Build | Farm |
| 19:43 | Queue | Villager (Male) |
| 20:31 | Queue | Villager (Male) |
| 21:19 | Research | Castle Age |
Build order — mike
135 actions detected in the replay
| 0:01 | Queue | Villager (Male) |
| 0:01 | Queue | Villager (Male) |
| 0:01 | Queue | Villager (Male) |
| 0:02 | Build | House |
| 0:05 | Build | House |
| 0:15 | Queue | Villager (Male) |
| 0:15 | Queue | Villager (Male) |
| 1:36 | Queue | Villager (Male) |
| 1:37 | Queue | Villager (Male) |
| 1:52 | Queue | Villager (Male) |
| 2:36 | Queue | Villager (Male) |
| 2:37 | Queue | Villager (Male) |
| 2:37 | Queue | Villager (Male) |
| 2:37 | Queue | Villager (Male) |
| 2:46 | Queue | Villager (Male) |
| 2:50 | Build | Lumber Camp |
| 3:27 | Build | House |
| 3:46 | Queue | Villager (Male) |
| 3:46 | Queue | Villager (Male) |
| 3:47 | Queue | Villager (Male) |
| 3:47 | Queue | Villager (Male) |
| 3:58 | Queue | Villager (Male) |
| 3:59 | Queue | Villager (Male) |
| 4:18 | Build | House |
| 4:57 | Queue | Villager (Male) |
| 4:58 | Queue | Villager (Male) |
| 4:58 | Queue | Villager (Male) |
| 5:21 | Build | Mill |
| 5:30 | Queue | Villager (Male) |
| 6:15 | Build | Farm |
| 6:34 | Queue | Villager (Male) |
| 6:55 | Build | Farm |
| 7:06 | Queue | Villager (Male) |
| 7:32 | Research | Loom |
| 7:39 | Build | House |
| 7:52 | Research | Feudal Age |
| 7:57 | Build | Farm |
| 8:54 | Build | House |
| 9:14 | Build | Barracks |
| 9:33 | Build | Palisade Gate |
| 9:44 | Build | Palisade Wall |
| 9:48 | Queue | Villager (Male) |
| 10:06 | Age | Feudal Age |
| 10:10 | Build | Stable |
| 10:15 | Research | Double-Bit Axe |
| 10:15 | Research | Double-Bit Axe |
| 10:17 | Queue | Villager (Male) |
| 10:33 | Research | Horse Collar |
| 10:41 | Queue | Villager (Male) |
| 11:02 | Build | Mill |
| 11:06 | Build | Farm |
| 11:07 | Queue | Scout Cavalry |
| 11:07 | Queue | Scout Cavalry |
| 11:20 | Queue | Villager (Male) |
| 11:39 | Build | Farm |
| 11:45 | Build | Farm |
| 11:46 | Queue | Villager (Male) |
| 11:59 | Queue | Villager (Male) |
| 12:13 | Queue | Villager (Male) |
| 12:15 | Build | Farm |
| 12:21 | Build | House |
| 12:45 | Queue | Scout Cavalry |
| 12:46 | Queue | Scout Cavalry |
| 12:48 | Build | Blacksmith |
| 12:57 | Build | Farm |
| 13:00 | Queue | Villager (Male) |
| 13:01 | Queue | Villager (Male) |
| 13:05 | Build | Farm |
| 13:09 | Build | Farm |
| 13:10 | Queue | Villager (Male) |
| 13:18 | Build | House |
| 13:32 | Queue | Villager (Male) |
| 13:36 | Build | Farm |
| 13:39 | Build | Farm |
| 13:49 | Queue | Scout Cavalry |
| 13:49 | Queue | Scout Cavalry |
| 13:49 | Queue | Scout Cavalry |
| 14:13 | Build | Stable |
| 14:22 | Queue | Villager (Male) |
| 14:24 | Queue | Villager (Male) |
| 14:38 | Research | Forging |
| 14:39 | Research | Forging |
| 14:48 | Queue | Villager (Male) |
| 14:50 | Build | Farm |
| 15:09 | Queue | Scout Cavalry |
| 15:09 | Queue | Scout Cavalry |
| 15:12 | Queue | Villager (Male) |
| 15:12 | Queue | Villager (Male) |
| 15:43 | Queue | Villager (Male) |
| 15:44 | Queue | Villager (Male) |
| 15:59 | Build | House |
| 16:00 | Build | House |
| 16:02 | Queue | Villager (Male) |
| 16:13 | Queue | Villager (Male) |
| 16:14 | Queue | Villager (Male) |
| 16:24 | Queue | Villager (Male) |
| 16:28 | Build | Farm |
| 16:36 | Queue | Villager (Male) |
| 16:59 | Queue | Villager (Male) |
| 17:07 | Build | Palisade Gate |
| 17:10 | Queue | Villager (Male) |
| 17:14 | Build | Farm |
| 17:15 | Queue | Villager (Male) |
| 17:19 | Build | Mining Camp |
| 17:25 | Build | Lumber Camp |
| 17:31 | Queue | Villager (Male) |
| 17:35 | Queue | Scout Cavalry |
| 17:35 | Queue | Scout Cavalry |
| 17:36 | Research | Scale Barding Armor |
| 17:37 | Research | Scale Barding Armor |
| 17:44 | Build | Stable |
| 17:46 | Build | House |
| 17:47 | Queue | Villager (Male) |
| 17:57 | Build | Farm |
| 18:01 | Build | Farm |
| 18:05 | Research | Wheelbarrow |
| 18:22 | Research | Bloodlines |
| 18:24 | Queue | Villager (Male) |
| 18:28 | Queue | Villager (Male) |
| 18:48 | Queue | Villager (Male) |
| 19:00 | Build | Lumber Camp |
| 19:06 | Build | House |
| 19:13 | Queue | Villager (Male) |
| 19:21 | Build | Farm |
| 19:40 | Build | Palisade Wall |
| 19:53 | Queue | Villager (Male) |
| 19:55 | Build | Farm |
| 19:57 | Build | Farm |
| 20:03 | Build | Farm |
| 20:21 | Research | Castle Age |
| 20:30 | Research | Castle Age |
| 20:50 | Research | Gold Mining |
| 20:50 | Research | Gold Mining |
| 20:57 | Queue | Villager (Male) |
| 21:10 | Build | Farm |
Build order — 江哥
108 actions detected in the replay
| 0:02 | Queue | Villager (Male) |
| 0:02 | Queue | Villager (Male) |
| 0:02 | Queue | Villager (Male) |
| 0:03 | Queue | Villager (Male) |
| 0:03 | Queue | Villager (Male) |
| 0:03 | Queue | Villager (Male) |
| 0:05 | Build | House |
| 0:06 | Build | House |
| 1:27 | Queue | Villager (Male) |
| 1:52 | Queue | Villager (Male) |
| 2:44 | Build | Lumber Camp |
| 2:48 | Queue | Villager (Male) |
| 2:49 | Queue | Villager (Male) |
| 3:00 | Queue | Villager (Male) |
| 3:00 | Queue | Villager (Male) |
| 3:33 | Queue | Villager (Male) |
| 3:34 | Queue | Villager (Male) |
| 4:03 | Queue | Villager (Male) |
| 4:03 | Queue | Villager (Male) |
| 4:10 | Build | House |
| 4:28 | Queue | Villager (Male) |
| 4:28 | Queue | Villager (Male) |
| 5:36 | Queue | Villager (Male) |
| 5:49 | Build | Mill |
| 6:02 | Build | House |
| 6:04 | Build | House |
| 6:13 | Queue | Villager (Male) |
| 6:26 | Queue | Villager (Male) |
| 6:28 | Research | Loom |
| 6:57 | Build | Palisade Wall |
| 7:04 | Build | Palisade Gate |
| 7:24 | Research | Feudal Age |
| 7:24 | Research | Feudal Age |
| 8:19 | Queue | Villager (Male) |
| 8:30 | Build | Mill |
| 9:23 | Build | Barracks |
| 9:34 | Age | Feudal Age |
| 9:36 | Queue | Villager (Male) |
| 9:43 | Research | Double-Bit Axe |
| 9:43 | Research | Double-Bit Axe |
| 9:49 | Queue | Villager (Male) |
| 10:15 | Queue | Villager (Male) |
| 10:34 | Build | Stable |
| 10:50 | Build | Farm |
| 11:00 | Queue | Villager (Male) |
| 11:05 | Research | Horse Collar |
| 11:07 | Queue | Villager (Male) |
| 11:13 | Queue | Villager (Male) |
| 11:25 | Build | Farm |
| 11:26 | Queue | Scout Cavalry |
| 11:30 | Queue | Villager (Male) |
| 11:38 | Build | Farm |
| 11:50 | Queue | Villager (Male) |
| 11:55 | Queue | Scout Cavalry |
| 11:59 | Build | Farm |
| 12:03 | Queue | Spearman |
| 12:12 | Build | Farm |
| 12:13 | Build | Farm |
| 12:18 | Build | Farm |
| 12:23 | Queue | Villager (Male) |
| 12:23 | Queue | Villager (Male) |
| 12:27 | Queue | Villager (Male) |
| 12:34 | Build | Farm |
| 12:46 | Build | Farm |
| 12:51 | Queue | Villager (Male) |
| 12:57 | Queue | Scout Cavalry |
| 13:01 | Build | House |
| 13:02 | Queue | Villager (Male) |
| 13:02 | Queue | Villager (Male) |
| 13:09 | Build | Farm |
| 13:20 | Queue | Scout Cavalry |
| 13:26 | Build | Farm |
| 13:32 | Build | House |
| 13:40 | Build | Palisade Wall |
| 13:41 | Queue | Villager (Male) |
| 13:48 | Queue | Villager (Male) |
| 13:51 | Queue | Villager (Male) |
| 14:00 | Build | Blacksmith |
| 14:11 | Queue | Villager (Male) |
| 14:18 | Build | Farm |
| 14:42 | Build | House |
| 14:45 | Queue | Villager (Male) |
| 15:49 | Build | Market |
| 15:53 | Queue | Villager (Male) |
| 15:57 | Research | Wheelbarrow |
| 15:58 | Queue | Villager (Male) |
| 16:10 | Queue | Villager (Male) |
| 16:44 | Build | Mining Camp |
| 16:53 | Build | Stable |
| 17:55 | Research | Castle Age |
| 17:55 | Research | Castle Age |
| 17:56 | Queue | Villager (Male) |
| 18:05 | Build | House |
| 18:16 | Research | Gold Mining |
| 18:16 | Research | Gold Mining |
| 18:18 | Research | Stone Mining |
| 18:54 | Research | Scale Barding Armor |
| 18:57 | Research | Forging |
| 20:07 | Build | Farm |
| 20:39 | Queue | Villager (Male) |
| 20:48 | Age | Castle Age |
| 20:57 | Build | Castle |
| 21:14 | Research | Husbandry |
| 21:15 | Queue | Villager (Male) |
| 21:15 | Queue | Villager (Male) |
| 21:16 | Queue | Villager (Male) |
| 21:24 | Build | Town Center |
| 21:31 | Queue | Villager (Male) |
Build order — NoobMaster69
108 actions detected in the replay
| 0:01 | Queue | Villager (Male) ×4 |
| 0:02 | Build | House |
| 0:04 | Build | House |
| 1:39 | Queue | Villager (Male) |
| 1:39 | Queue | Villager (Male) |
| 2:35 | Queue | Villager (Male) |
| 2:35 | Queue | Villager (Male) |
| 2:49 | Build | House |
| 3:21 | Queue | Villager (Male) |
| 3:45 | Queue | Villager (Male) |
| 4:17 | Queue | Villager (Male) |
| 4:38 | Queue | Villager (Male) |
| 4:46 | Build | Lumber Camp |
| 5:29 | Build | Mill |
| 5:32 | Queue | Villager (Male) |
| 5:32 | Research | Loom |
| 6:03 | Build | House |
| 6:04 | Build | Palisade Wall |
| 6:42 | Research | Feudal Age |
| 6:42 | Research | Feudal Age |
| 7:13 | Build | Palisade Wall |
| 7:32 | Queue | Villager (Male) |
| 8:14 | Build | Barracks |
| 8:52 | Age | Feudal Age |
| 9:10 | Build | Archery Range |
| 9:13 | Queue | Villager (Male) |
| 9:15 | Queue | Spearman |
| 9:20 | Build | House |
| 9:24 | Build | Palisade Wall |
| 9:35 | Build | Palisade Gate |
| 9:37 | Build | Palisade Wall |
| 9:40 | Queue | Villager (Male) |
| 9:49 | Queue | Villager (Male) |
| 10:07 | Queue | Skirmisher |
| 10:08 | Queue | Skirmisher |
| 10:08 | Queue | Skirmisher |
| 10:27 | Build | House |
| 10:34 | Queue | Villager (Male) |
| 10:44 | Queue | Skirmisher |
| 10:46 | Queue | Spearman |
| 10:49 | Queue | Villager (Male) |
| 11:17 | Queue | Skirmisher |
| 11:18 | Queue | Spearman |
| 11:23 | Queue | Villager (Male) |
| 11:45 | Build | Farm |
| 11:50 | Queue | Villager (Male) |
| 11:51 | Queue | Spearman |
| 11:57 | Build | House |
| 12:00 | Build | House |
| 12:08 | Queue | Villager (Male) |
| 12:11 | Build | Farm |
| 12:17 | Queue | Spearman |
| 12:30 | Queue | Villager (Male) |
| 12:42 | Build | House |
| 12:52 | Queue | Skirmisher |
| 12:53 | Queue | Skirmisher |
| 12:59 | Queue | Villager (Male) |
| 13:11 | Build | Farm |
| 13:22 | Build | House |
| 13:28 | Build | Palisade Wall |
| 13:34 | Queue | Villager (Male) |
| 13:34 | Queue | Villager (Male) |
| 13:37 | Build | Farm |
| 13:45 | Queue | Spearman |
| 14:12 | Queue | Villager (Male) |
| 14:14 | Build | Farm |
| 14:17 | Build | Farm |
| 14:33 | Queue | Archer |
| 14:38 | Queue | Villager (Male) |
| 14:45 | Build | Blacksmith |
| 14:48 | Build | House |
| 14:53 | Queue | Spearman |
| 14:53 | Queue | Spearman |
| 15:11 | Build | Farm |
| 15:13 | Queue | Villager (Male) |
| 15:49 | Build | Farm |
| 15:51 | Queue | Villager (Male) |
| 16:03 | Queue | Spearman |
| 16:10 | Build | Farm |
| 16:14 | Build | Mill |
| 16:23 | Build | Palisade Gate |
| 16:30 | Build | Farm |
| 16:31 | Build | Farm |
| 16:41 | Build | House |
| 16:45 | Queue | Villager (Male) |
| 16:57 | Build | Farm |
| 17:12 | Build | Palisade Gate |
| 17:16 | Build | Farm |
| 17:18 | Queue | Villager (Male) |
| 17:18 | Queue | Villager (Male) |
| 17:53 | Queue | Villager (Male) |
| 18:01 | Build | Market |
| 18:17 | Queue | Villager (Male) |
| 18:23 | Queue | Spearman |
| 18:23 | Queue | Spearman |
| 18:35 | Queue | Villager (Male) |
| 18:43 | Build | House |
| 18:46 | Build | Palisade Wall |
| 18:48 | Build | Palisade Wall |
| 18:52 | Build | Palisade Wall |
| 18:59 | Build | Mining Camp |
| 19:01 | Queue | Villager (Male) |
| 19:41 | Queue | Spearman |
| 19:45 | Build | Farm |
| 19:51 | Build | Watch Tower |
| 20:24 | Build | Mining Camp |
| 20:46 | Research | Castle Age |
| 20:46 | Research | Castle Age |
Build order — 陈老师
113 actions detected in the replay
| 0:02 | Queue | Villager (Male) |
| 0:03 | Queue | Villager (Male) |
| 0:03 | Queue | Villager (Male) |
| 0:03 | Queue | Villager (Male) |
| 0:04 | Build | House |
| 0:05 | Build | House |
| 1:29 | Queue | Villager (Male) |
| 1:51 | Queue | Villager (Male) |
| 1:51 | Queue | Villager (Male) |
| 2:24 | Queue | Villager (Male) |
| 2:39 | Build | Mill |
| 2:55 | Queue | Villager (Male) |
| 3:06 | Queue | Villager (Male) |
| 3:07 | Queue | Villager (Male) |
| 3:35 | Queue | Villager (Male) |
| 4:01 | Queue | Villager (Male) |
| 4:23 | Build | Lumber Camp |
| 4:32 | Queue | Villager (Male) |
| 4:35 | Build | House |
| 4:42 | Queue | Villager (Male) |
| 4:55 | Research | Loom |
| 4:59 | Build | House |
| 5:12 | Queue | Villager (Male) |
| 5:17 | Queue | Villager (Male) |
| 5:38 | Queue | Villager (Male) |
| 6:25 | Queue | Villager (Male) |
| 6:36 | Queue | Villager (Male) |
| 7:00 | Queue | Villager (Male) |
| 7:07 | Build | Mill |
| 7:25 | Queue | Villager (Male) |
| 8:09 | Queue | Villager (Male) |
| 8:31 | Research | Feudal Age |
| 9:14 | Build | Barracks |
| 10:02 | Build | House |
| 10:20 | Build | Palisade Wall |
| 10:23 | Build | Palisade Gate |
| 10:25 | Build | House |
| 10:29 | Build | Palisade Wall |
| 10:45 | Age | Feudal Age |
| 10:47 | Queue | Spearman |
| 10:50 | Queue | Villager (Male) |
| 10:51 | Research | Double-Bit Axe |
| 11:07 | Queue | Villager (Male) |
| 11:14 | Build | Stable |
| 11:19 | Research | Town Watch |
| 11:24 | Queue | Spearman |
| 11:32 | Queue | Spearman |
| 11:45 | Build | Farm |
| 11:58 | Queue | Scout Cavalry |
| 12:00 | Build | Farm |
| 12:02 | Build | Farm |
| 12:03 | Queue | Villager (Male) |
| 12:18 | Build | Farm |
| 12:20 | Queue | Villager (Male) |
| 12:28 | Queue | Scout Cavalry |
| 12:39 | Queue | Villager (Male) |
| 12:42 | Build | Farm |
| 12:55 | Queue | Villager (Male) |
| 13:02 | Queue | Scout Cavalry |
| 13:10 | Build | Farm |
| 13:12 | Build | Farm |
| 13:21 | Build | Farm |
| 13:25 | Queue | Villager (Male) |
| 13:50 | Queue | Villager (Male) |
| 14:10 | Build | Archery Range |
| 14:33 | Queue | Villager (Male) |
| 14:53 | Queue | Villager (Male) |
| 14:55 | Build | Farm |
| 15:05 | Build | Watch Tower |
| 15:07 | Queue | Villager (Male) |
| 15:13 | Queue | Skirmisher |
| 15:13 | Queue | Skirmisher |
| 15:15 | Build | Farm |
| 15:19 | Build | Farm |
| 15:30 | Queue | Villager (Male) |
| 15:38 | Queue | Skirmisher |
| 15:40 | Queue | Skirmisher |
| 15:58 | Build | Mining Camp |
| 16:03 | Queue | Skirmisher |
| 16:21 | Queue | Villager (Male) |
| 16:30 | Queue | Skirmisher |
| 16:42 | Queue | Villager (Male) |
| 16:48 | Build | House |
| 17:02 | Queue | Villager (Male) |
| 17:03 | Build | Blacksmith |
| 17:17 | Build | Watch Tower |
| 17:39 | Queue | Villager (Male) |
| 17:42 | Build | Farm |
| 18:03 | Queue | Villager (Male) |
| 18:04 | Build | Farm |
| 18:06 | Queue | Villager (Male) |
| 18:08 | Build | Farm |
| 18:37 | Queue | Skirmisher |
| 18:46 | Build | Farm |
| 18:47 | Queue | Villager (Male) |
| 18:49 | Queue | Skirmisher |
| 18:51 | Queue | Skirmisher |
| 18:56 | Research | Fletching |
| 18:59 | Queue | Villager (Male) |
| 19:11 | Build | Farm |
| 19:14 | Build | House |
| 19:15 | Build | House |
| 19:39 | Queue | Villager (Male) |
| 19:43 | Build | Market |
| 19:51 | Queue | Villager (Male) |
| 20:26 | Queue | Villager (Male) |
| 20:50 | Queue | Skirmisher |
| 20:57 | Build | Mining Camp |
| 21:03 | Research | Wheelbarrow |
| 21:13 | Queue | Skirmisher |
| 21:23 | Research | Wheelbarrow |
| 21:28 | Research | Castle Age |
| 21:29 | Research | Castle Age |
Build order — Z1kTak
85 actions detected in the replay
| 0:01 | Queue | Villager (Male) |
| 0:01 | Queue | Villager (Male) |
| 0:01 | Queue | Villager (Male) |
| 0:01 | Queue | Villager (Male) |
| 0:03 | Build | House |
| 0:05 | Build | House |
| 1:51 | Queue | Villager (Male) |
| 1:52 | Queue | Villager (Male) |
| 1:52 | Queue | Villager (Male) |
| 1:52 | Queue | Villager (Male) |
| 2:10 | Build | Lumber Camp |
| 2:18 | Build | Lumber Camp |
| 2:30 | Queue | Villager (Male) |
| 2:30 | Queue | Villager (Male) |
| 3:02 | Queue | Villager (Male) |
| 3:02 | Queue | Villager (Male) |
| 3:02 | Queue | Villager (Male) |
| 3:57 | Queue | Villager (Male) |
| 3:58 | Queue | Villager (Male) |
| 4:11 | Queue | Villager (Male) |
| 4:12 | Queue | Villager (Male) |
| 4:12 | Queue | Villager (Male) |
| 4:43 | Queue | Villager (Male) |
| 4:43 | Queue | Villager (Male) |
| 4:58 | Build | Mill |
| 5:22 | Queue | Villager (Male) |
| 5:22 | Queue | Villager (Male) |
| 5:30 | Build | House |
| 6:15 | Queue | Villager (Male) |
| 6:15 | Queue | Villager (Male) |
| 6:56 | Queue | Villager (Male) |
| 7:21 | Queue | Villager (Male) |
| 7:56 | Research | Loom |
| 8:23 | Build | Farm |
| 8:24 | Build | Farm |
| 8:25 | Build | Farm |
| 8:29 | Research | Feudal Age |
| 8:36 | Build | Barracks |
| 9:24 | Build | Lumber Camp |
| 9:37 | Build | House |
| 10:11 | Build | Lumber Camp |
| 10:36 | Queue | Villager (Male) |
| 10:37 | Queue | Villager (Male) |
| 10:43 | Build | Stable |
| 10:52 | Build | Palisade Wall |
| 10:56 | Build | Palisade Wall |
| 10:58 | Build | Palisade Wall |
| 11:00 | Build | Palisade Wall |
| 11:16 | Queue | Villager (Male) |
| 11:22 | Build | Farm |
| 11:26 | Queue | Scout Cavalry |
| 11:27 | Queue | Scout Cavalry |
| 11:27 | Queue | Scout Cavalry |
| 11:41 | Queue | Villager (Male) |
| 11:49 | Research | Double-Bit Axe |
| 12:35 | Build | House |
| 13:04 | Queue | Scout Cavalry |
| 13:06 | Queue | Villager (Male) |
| 13:06 | Queue | Villager (Male) |
| 13:34 | Queue | Villager (Male) |
| 13:35 | Queue | Villager (Male) |
| 13:39 | Build | Farm |
| 13:41 | Build | Farm |
| 13:43 | Build | Farm |
| 13:52 | Build | Blacksmith |
| 13:56 | Build | Farm |
| 13:59 | Build | Farm |
| 14:18 | Build | Mill |
| 14:27 | Build | House |
| 14:30 | Build | House |
| 14:31 | Build | House |
| 15:35 | Queue | Villager (Male) |
| 15:36 | Queue | Villager (Male) |
| 15:37 | Queue | Villager (Male) |
| 16:05 | Build | Market |
| 16:35 | Queue | Villager (Male) |
| 16:39 | Queue | Villager (Male) |
| 16:49 | Build | Mining Camp |
| 16:52 | Build | Palisade Wall |
| 18:28 | Research | Castle Age |
| 18:36 | Build | Farm |
| 19:12 | Queue | Spearman |
| 19:16 | Build | Farm |
| 19:17 | Build | Farm |
| 20:29 | Research | Horse Collar |
Build order — 100分棒棒
117 actions detected in the replay
| 0:01 | Queue | Villager (Male) |
| 0:02 | Queue | Villager (Male) |
| 0:05 | Build | House |
| 0:06 | Build | House |
| 0:27 | Queue | Villager (Male) |
| 0:27 | Queue | Villager (Male) |
| 0:28 | Queue | Villager (Male) |
| 0:28 | Queue | Villager (Male) |
| 0:28 | Queue | Villager (Male) |
| 1:35 | Queue | Villager (Male) |
| 1:36 | Queue | Villager (Male) |
| 1:36 | Queue | Villager (Male) |
| 1:36 | Queue | Villager (Male) |
| 2:04 | Queue | Villager (Male) |
| 2:04 | Queue | Villager (Male) |
| 2:04 | Queue | Villager (Male) |
| 2:04 | Queue | Villager (Male) |
| 2:34 | Queue | Villager (Male) |
| 2:35 | Queue | Villager (Male) |
| 2:35 | Queue | Villager (Male) |
| 2:35 | Queue | Villager (Male) |
| 2:35 | Queue | Villager (Male) |
| 2:35 | Queue | Villager (Male) |
| 3:19 | Queue | Villager (Male) |
| 3:24 | Queue | Villager (Male) |
| 3:24 | Queue | Villager (Male) |
| 3:24 | Queue | Villager (Male) |
| 3:39 | Build | Lumber Camp |
| 4:00 | Build | House |
| 4:11 | Build | House |
| 4:18 | Research | Loom |
| 4:18 | Research | Loom |
| 4:18 | Research | Loom |
| 4:18 | Research | Loom |
| 4:37 | Build | Palisade Wall |
| 4:47 | Queue | Villager (Male) |
| 4:48 | Queue | Villager (Male) |
| 4:48 | Queue | Villager (Male) |
| 4:48 | Queue | Villager (Male) |
| 6:18 | Queue | Villager (Male) |
| 6:49 | Queue | Villager (Male) |
| 6:50 | Queue | Villager (Male) |
| 6:59 | Build | Mill |
| 8:03 | Research | Feudal Age |
| 8:04 | Research | Feudal Age |
| 8:04 | Research | Feudal Age |
| 8:04 | Research | Feudal Age |
| 8:04 | Research | Feudal Age |
| 9:03 | Build | Barracks |
| 9:59 | Build | House |
| 10:07 | Queue | Villager (Male) |
| 10:13 | Age | Feudal Age |
| 10:16 | Queue | Spearman |
| 10:24 | Build | Stable |
| 10:38 | Queue | Spearman |
| 10:44 | Queue | Villager (Male) |
| 10:44 | Queue | Villager (Male) |
| 10:53 | Build | Mining Camp |
| 11:08 | Queue | Scout Cavalry |
| 11:08 | Queue | Scout Cavalry |
| 11:15 | Queue | Villager (Male) |
| 12:35 | Queue | Villager (Male) |
| 12:35 | Queue | Villager (Male) |
| 12:35 | Queue | Villager (Male) |
| 12:35 | Queue | Villager (Male) |
| 13:00 | Queue | Spearman |
| 13:00 | Queue | Spearman |
| 13:00 | Queue | Spearman |
| 13:07 | Build | Watch Tower |
| 13:53 | Build | Farm |
| 13:54 | Build | Farm |
| 13:55 | Build | Farm |
| 13:56 | Build | Farm |
| 13:57 | Build | Farm |
| 14:01 | Queue | Villager (Male) |
| 14:01 | Queue | Villager (Male) |
| 14:01 | Queue | Villager (Male) |
| 14:01 | Queue | Villager (Male) |
| 14:10 | Build | Blacksmith |
| 14:14 | Build | House |
| 14:39 | Queue | Villager (Male) |
| 14:39 | Queue | Villager (Male) |
| 14:39 | Queue | Villager (Male) |
| 14:39 | Queue | Villager (Male) |
| 15:06 | Queue | Spearman |
| 15:06 | Queue | Spearman |
| 15:07 | Queue | Spearman |
| 15:24 | Build | Watch Tower |
| 15:30 | Build | House |
| 16:33 | Queue | Villager (Male) |
| 16:33 | Queue | Villager (Male) |
| 16:33 | Queue | Villager (Male) |
| 16:33 | Queue | Villager (Male) |
| 16:33 | Queue | Villager (Male) |
| 17:25 | Build | Watch Tower |
| 17:53 | Research | Fletching |
| 17:53 | Research | Fletching |
| 17:53 | Research | Fletching |
| 17:54 | Research | Fletching |
| 18:09 | Queue | Villager (Male) |
| 18:09 | Queue | Villager (Male) |
| 18:09 | Queue | Villager (Male) |
| 18:09 | Queue | Villager (Male) |
| 18:56 | Queue | Villager (Male) |
| 18:56 | Queue | Villager (Male) |
| 18:56 | Queue | Villager (Male) |
| 18:56 | Queue | Villager (Male) |
| 19:42 | Queue | Villager (Male) |
| 19:42 | Queue | Villager (Male) |
| 19:42 | Queue | Villager (Male) |
| 19:42 | Queue | Villager (Male) |
| 20:41 | Queue | Villager (Male) |
| 20:41 | Queue | Villager (Male) |
| 20:41 | Queue | Villager (Male) |
| 20:41 | Queue | Villager (Male) |
| 21:15 | Build | Mining Camp |
| 21:32 | Build | Watch Tower |
Build order — 你朋友
109 actions detected in the replay
| 0:01 | Queue | Villager (Male) |
| 0:01 | Queue | Villager (Male) |
| 0:02 | Build | House |
| 0:03 | Build | House |
| 0:06 | Queue | Villager (Male) |
| 0:20 | Queue | Villager (Male) |
| 1:25 | Queue | Villager (Male) |
| 1:25 | Queue | Villager (Male) |
| 1:46 | Queue | Villager (Male) |
| 2:11 | Queue | Villager (Male) |
| 2:38 | Build | Lumber Camp |
| 2:49 | Queue | Villager (Male) |
| 2:50 | Queue | Villager (Male) |
| 3:28 | Queue | Villager (Male) |
| 3:49 | Build | House |
| 3:56 | Queue | Villager (Male) |
| 3:56 | Queue | Villager (Male) |
| 4:27 | Build | Mill |
| 4:38 | Queue | Villager (Male) |
| 5:06 | Queue | Villager (Male) |
| 5:37 | Queue | Villager (Male) |
| 6:04 | Queue | Villager (Male) |
| 6:13 | Research | Loom |
| 7:06 | Research | Feudal Age |
| 7:19 | Build | House |
| 7:55 | Build | Barracks |
| 8:13 | Build | Palisade Wall |
| 8:24 | Build | Palisade Wall |
| 8:29 | Build | Palisade Gate |
| 8:34 | Queue | Villager (Male) |
| 9:16 | Age | Feudal Age |
| 9:20 | Queue | Villager (Male) |
| 9:32 | Queue | Villager (Male) |
| 9:52 | Build | Archery Range |
| 9:54 | Queue | Villager (Male) |
| 10:12 | Build | House |
| 10:30 | Queue | Spearman |
| 10:41 | Build | Blacksmith |
| 10:41 | Queue | Villager (Male) |
| 10:46 | Build | House |
| 10:48 | Queue | Skirmisher |
| 11:00 | Queue | Villager (Male) |
| 11:07 | Queue | Skirmisher |
| 11:18 | Build | House |
| 11:23 | Research | Fletching |
| 11:26 | Queue | Skirmisher |
| 11:41 | Research | Horse Collar |
| 11:43 | Build | Farm |
| 11:45 | Build | Farm |
| 11:52 | Build | Palisade Wall |
| 11:52 | Queue | Villager (Male) |
| 12:06 | Queue | Villager (Male) |
| 12:09 | Build | Farm |
| 12:15 | Build | House |
| 12:25 | Queue | Spearman |
| 12:37 | Queue | Spearman |
| 13:00 | Queue | Villager (Male) |
| 13:04 | Build | Farm |
| 13:05 | Build | Farm |
| 13:08 | Queue | Villager (Male) |
| 13:13 | Queue | Skirmisher |
| 13:25 | Queue | Villager (Male) |
| 13:55 | Build | Farm |
| 13:59 | Build | Palisade Wall |
| 14:07 | Queue | Villager (Male) |
| 14:12 | Queue | Skirmisher |
| 14:27 | Queue | Villager (Male) |
| 14:30 | Queue | Villager (Male) |
| 14:34 | Queue | Spearman |
| 14:41 | Build | Farm |
| 14:42 | Build | Farm |
| 14:43 | Build | Farm |
| 14:57 | Queue | Villager (Male) |
| 15:03 | Queue | Skirmisher |
| 15:13 | Build | Farm |
| 15:23 | Queue | Villager (Male) |
| 15:27 | Build | Farm |
| 15:50 | Build | Farm |
| 15:59 | Build | Mining Camp |
| 16:04 | Build | House |
| 16:05 | Build | House |
| 16:11 | Queue | Villager (Male) |
| 16:30 | Build | House |
| 16:31 | Build | House |
| 16:35 | Queue | Spearman |
| 16:39 | Research | Town Watch |
| 17:01 | Queue | Villager (Male) |
| 17:20 | Queue | Villager (Male) |
| 17:29 | Queue | Skirmisher |
| 17:33 | Build | Market |
| 17:37 | Queue | Villager (Male) |
| 17:54 | Queue | Villager (Male) |
| 17:57 | Queue | Skirmisher |
| 18:02 | Build | House |
| 18:04 | Build | Farm |
| 18:11 | Build | Farm |
| 18:12 | Build | Farm |
| 18:13 | Queue | Villager (Male) |
| 18:23 | Queue | Villager (Male) |
| 18:33 | Queue | Skirmisher |
| 18:48 | Queue | Villager (Male) |
| 18:55 | Build | Mill |
| 19:06 | Queue | Skirmisher |
| 19:09 | Build | Farm |
| 19:20 | Build | Palisade Wall |
| 19:23 | Queue | Villager (Male) |
| 19:41 | Research | Padded Archer Armor |
| 19:43 | Queue | Villager (Male) |
| 19:48 | Queue | Villager (Male) |
Match timeline
| 4:37 | 100分棒棒 · wall_segment Palisade Wall x1 |
| 6:04 | NoobMaster69 · wall_segment Palisade Wall x1 |
| 6:57 | 江哥 · wall_segment Palisade Wall x6 |
| 7:13 | NoobMaster69 · wall_segment Palisade Wall x4 |
| 7:54 | Trashclaus · wall_segment Palisade Wall x3 |
| 7:55 | 你朋友 · first_building Barracks |
| 8:01 | Trashclaus · wall_segment Palisade Wall x4 |
| 8:13 | 你朋友 · wall_segment Palisade Wall x4 |
| 8:14 | NoobMaster69 · first_building Barracks |
| 8:24 | 你朋友 · wall_segment Palisade Wall x5 |
| 8:36 | Z1kTak · first_building Barracks |
| 8:52 | NoobMaster69 · age_up feudal |
| 9:03 | 100分棒棒 · first_building Barracks |
| 9:09 | Trashclaus · first_building Barracks |
| 9:10 | NoobMaster69 · first_building Archery Range |
| 9:14 | mike · first_building Barracks |
| 9:14 | 陈老师 · first_building Barracks |
| 9:16 | 你朋友 · age_up feudal |
| 9:23 | 江哥 · first_building Barracks |
| 9:24 | NoobMaster69 · wall_segment Palisade Wall x7 |
| 9:34 | 江哥 · age_up feudal |
| 9:37 | Trashclaus · wall_segment Palisade Wall x9 |
| 9:37 | NoobMaster69 · wall_segment Palisade Wall x7 |
| 9:38 | Trashclaus · wall_segment Palisade Wall x8 |
| 9:43 | Trashclaus · wall_segment Palisade Wall x10 |
| 9:44 | mike · wall_segment Palisade Wall x8 |
| 9:50 | Trashclaus · wall_segment Palisade Wall x4 |
| 9:52 | 你朋友 · first_building Archery Range |
| 10:06 | mike · age_up feudal |
| 10:10 | mike · first_building Stable |
| 10:13 | 100分棒棒 · age_up feudal |
| 10:20 | 陈老师 · wall_segment Palisade Wall x3 |
| 10:24 | 100分棒棒 · first_building Stable |
| 10:29 | 陈老师 · wall_segment Palisade Wall x5 |
| 10:34 | 江哥 · first_building Stable |
| 10:43 | Z1kTak · first_building Stable |
| 10:45 | 陈老师 · age_up feudal |
| 10:52 | Z1kTak · wall_segment Palisade Wall x1 |
| 10:56 | Z1kTak · wall_segment Palisade Wall x4 |
| 10:58 | Z1kTak · wall_segment Palisade Wall x1 |
| 11:00 | Z1kTak · wall_segment Palisade Wall x1 |
| 11:01 | Trashclaus · age_up feudal |
| 11:14 | 陈老师 · first_building Stable |
| 11:52 | 你朋友 · wall_segment Palisade Wall x4 |
| 13:28 | NoobMaster69 · wall_segment Palisade Wall x8 |
| 13:40 | 江哥 · wall_segment Palisade Wall x1 |
| 13:47 | Trashclaus · first_building Archery Range |
| 13:59 | 你朋友 · wall_segment Palisade Wall x1 |
| 14:10 | 陈老师 · first_building Archery Range |
| 16:52 | Z1kTak · wall_segment Palisade Wall x1 |
| 17:30 | Trashclaus · wall_segment Palisade Wall x1 |
| 17:31 | Trashclaus · wall_segment Palisade Wall x1 |
| 17:33 | Trashclaus · wall_segment Palisade Wall x1 |
| 17:35 | Trashclaus · wall_segment Palisade Wall x1 |
| 17:53 | 江哥 · first_market_sell 100 food |
| 18:26 | Z1kTak · first_market_sell 100 stone |
| 18:46 | NoobMaster69 · wall_segment Palisade Wall x9 |
| 18:48 | NoobMaster69 · wall_segment Palisade Wall x8 |
| 18:52 | NoobMaster69 · wall_segment Palisade Wall x1 |
| 19:11 | NoobMaster69 · first_market_sell 100 stone |
| 19:20 | 你朋友 · wall_segment Palisade Wall x5 |
| 19:40 | mike · wall_segment Palisade Wall x8 |
| 20:47 | Trashclaus · first_market_sell 100 wood |
| 20:48 | 江哥 · age_up castle |
| 20:48 | Trashclaus · first_market_buy 100 food |
| 20:56 | NoobMaster69 · resign |
| 20:57 | 江哥 · first_building Castle |
| 21:19 | 陈老师 · first_market_sell 100 stone |
[ AI ANALYSIS · 1 CREDIT ]
What really happened in this match?
Wolo.gg analyzes every decision: build order, eco, micro, common mistakes by bracket. Personalized analysis on WhatsApp or Discord in 30 seconds.
Civ guide
Chinese
Perfil
Jugador #2065415